 Dungeon Sprint DCSS version 0.17-a0-1718-g72dbe4d (webtiles) character file.

35 nuthulu the Firebug (level 3, -3/28 HPs)
             Began as a Gargoyle Fire Elementalist on Aug 26, 2015.
             Slain by a human (5 damage)
             ... in the Dungeon (Sprint III: "The Ten Rune Challenge").
             The game lasted 00:01:57 (672 turns).

nuthulu the Firebug (Gargoyle Fire Elementalist)     Turns: 672, Time: 00:01:57

Health: -3/28      AC:  6    Str: 16    XL:     3   Next: 35%
Magic:  3/7        EV: 12    Int: 16    God:
Gold:   13         SH:  0    Dex: 10    Spells: 2 memorised, 4 levels left

rFire  . . .     SeeInvis .     k - +4 quarterstaff (chaos)
rCold  . . .     Clarity  .     a - +0 robe
rNeg   + . .     SustAt   .     (no shield)
rPois  ∞         Gourm    .     (no helmet)
rElec  +         Spirit   .     e - +0 cloak
rCorr  .         Warding  .     (no gloves)
rMut   .         NoTele   +     (no boots)
MR     .....                    (no amulet)
Stlth  ..........               (no ring)
                                (no ring)

@: berserking (expiring), very quick, not resistant to hostile enchantments,
extremely unstealthy
A: negative energy resistance 1, electricity resistance, unbreathing,
petrification resistance, rot immunity, AC +3
a: no special abilities


You were in the Dungeon.
You were not hungry.

You visited 1 branch You collected 13 gold pieces.

Inventory:

Hand weapons
 k - a +4 quarterstaff of chaos (weapon)
Armour
 a - a +0 robe (worn)
 e - a +0 cloak (worn)
Scrolls
 i - a scroll of blinking
Potions
 d - a potion of curing
 f - a potion of haste
 g - 2 potions of magic
Books
 b - a book of Flames

   Spells                             Type                      Level
   a - Flame Tongue                   Conjuration/Fire             1
   b - Throw Flame                    Conjuration/Fire             2
   c - Conjure Flame                  Conjuration/Fire             3
   d - Inner Flame                    Hexes/Fire                   3
   e - Sticky Flame                   Conjuration/Fire             4
   f - Fireball                       Conjuration/Fire             5
Comestibles
 c - a bread ration
 j - a royal jelly


   Skills:
 + Level 2.7 Dodging
 + Level 4.0 Stealth
 + Level 3.3 Spellcasting
 + Level 3.0 Conjurations
 + Level 4.1 Fire Magic


You had 4 spell levels left.
You knew the following spells:

 Your Spells              Type           Power        Failure   Level  Hunger
a - Flame Tongue          Conj/Fire      ##...        6%          1    None
b - Conjure Flame         Conj/Fire      ##......     14%         3    ###....


Dungeon Overview and Level Annotations

Branches:
Dungeon (1/1)

Altars:


Innate Abilities, Weirdness & Mutations

You are resistant to torment.
Your stone body is resilient (AC +3).
You are immune to poison.
You resist negative energy.
You are resistant to electric shocks.
You can survive without breathing.
You are immune to petrification.
You are immune to rotting.


Message History

The human is severely wounded.
The human hits you but does no damage.
You barely miss the human.
The human is severely wounded.
The human hits you but does no damage.
You closely miss the human.
The human is severely wounded.
The human hits you.
* * * LOW HITPOINT WARNING * * *
You closely miss the human.
The human is severely wounded.
The human barely misses you.
You barely miss the human.
The human is severely wounded.
The human hits you.
* * * LOW HITPOINT WARNING * * *
You miss the human.
The human is severely wounded.
The human hits you.
You die...

▓...#......##
▓..##.....÷.# .#
▓##.##.##...# ..#
##.##.###..# #..#
▓#.####.##..# ...+
▓.###..##..## #...#
▓#.....##..###p...#
###..##...##.....#
##..##...@#......#
#..###..##p#.....#
#..# #.. ####....#
▓▓▓▓ ▓▓▓ ▓▓▓▓▓


You could see a human.

Vanquished Creatures
  Crazy Yiuf (D)
  An ooze (D)
  3 rats (D)
5 creatures vanquished.

Vanquished Creatures (others)
  2 draconian scorchers (D)
  A yaktaur (D)
3 creatures vanquished.

Grand Total: 8 creatures vanquished

Notes
Turn   | Place    | Note
--------------------------------------------------------------
     0 | D        | nuthulu the Gargoyle Fire Elementalist began the quest for the Orb.
     0 | D        | Reached XP level 1. HP: 10/10 MP: 3/3
    57 | D        | Killed a yaktaur
   317 | D        | Reached XP level 2. HP: 15/15 MP: 2/5
   320 | D        | Killed a white draconian scorcher
   330 | D        | Killed a white draconian scorcher
   355 | D        | Noticed Crazy Yiuf
   386 | D        | Killed Crazy Yiuf
   386 | D        | Reached skill level 4 in Stealth
   386 | D        | Reached XP level 3. HP: 3/19 MP: 0/7
   567 | D        | Learned a level 3 spell: Conjure Flame
   672 | D        | Slain by a human

Vault maps used:
D:        dungeon_sprint_mu

Action                   || total
-------------------------++-------
Melee: Unarmed           ||    12
       Quarterstaff      ||    10
 Cast: Flame Tongue      ||    19
  Use: Potion            ||     2
